 Dungeon Crawl Stone Soup version 0.32-a0-171-g4625e66871 (webtiles) character file.

Game seed: 5224554610171988019

1122 Oil the Cleaver (level 8, -1/70 HPs)
             Began as a Minotaur Fighter on Feb 12, 2024.
             Killed by nerve-wracking pain
             ... invoked by a shadow imp
              (12 damage)
             ... on level 5 of the Dungeon.
             The game lasted 00:17:28 (4138 turns).

Oil the Cleaver (Minotaur Fighter)                  Turns: 4138, Time: 00:17:29

Health: -1/70      AC: 15    Str: 23    XL:     8   Next: 12%
Magic:  7/7        EV: 11    Int:  5    God:
Gold:   180        SH: 10    Dex: 10    Spells: 7/7 levels left

rFire   . . .        a - +0 war axe
rCold   . . .        c - +0 buckler
rNeg    . . .        g - +0 plate armour
rPois   .            (helmet restricted)
rElec   .            t - +1 cloak
rCorr   .            (no gloves)
SInv    .            (no boots)
Will    .....        u - amulet of reflection Stlth
                     q - +5 ring of evasion
HPRegen 0.31/turn    (no ring)
MPRegen 0.10/turn

%: reflection
@: lethally poisoned (-1 -> -8), slowed, very slow
A: horns 2, retaliatory headbutt
a: no special abilities


You were on level 5 of the Dungeon.
You visited 2 branches of the dungeon, and saw 8 of its levels.

You collected 180 gold pieces.

Inventory:

Hand Weapons
 a - a +0 war axe (weapon)
Missiles
 n - 16 poisoned darts (quivered)
 x - 3 throwing nets
 C - 4 darts of dispersal
 D - 2 boomerangs
Armour
 c - a +0 buckler (worn)
 g - a +0 plate armour (worn)
 t - a +1 cloak (worn)
Jewellery
 q - a +5 ring of evasion (left hand)
 u - an amulet of reflection (around neck)
 v - a ring of wizardry
Wands
 e - a wand of flame (24)
 p - a wand of quicksilver (5)
 w - a wand of digging (2)
 B - a wand of polymorph (2)
Scrolls
 b - a scroll of fear {unknown}
 h - 2 scrolls of fog {unknown}
 i - a scroll of immolation {unknown}
 j - 2 scrolls of enchant armour
 s - 2 scrolls of identify {unknown}
 z - a scroll of noise {unknown}
 A - a scroll of revelation {unknown}
 G - a scroll of blinking {unknown}
Potions
 d - a potion of might
 f - a potion of degeneration {unknown}
 k - 3 potions of haste {unknown}
 l - a potion of mutation {unknown}
 m - 3 potions of magic {unknown}
 o - 3 potions of enlightenment {unknown}
 r - a potion of attraction {unknown}
 E - a potion of brilliance {unknown}
 F - a potion of curing {unknown}


   Skills:
 + Level 6.2 Fighting
 * Level 8.1 Axes
 - Level 0.1 Throwing
 + Level 6.1 Armour
 - Level 0.5 Dodging
 - Level 0.1 Stealth
 + Level 5.6 Shields


You had 7 spell levels left.
You didn't know any spells.
Your spell library contained the following spells:

 Spells                   Type           Power      Damage    Failure   Level
 Call Imp                 Summ           0%         N/A       100%        2
 Lesser Beckoning         Tloc           0%         N/A       100%        2
 Mercury Vapours          Alch/Air       0%         N/A       100%        2
 Sublimation of Blood     Necr           0%         N/A       100%        2
 Gell's Gravitas          Tloc           0%         N/A       100%        3
 Mephitic Cloud           Conj/Alch/Air  0%         N/A       100%        3
 Teleport Other           Tloc           0%         N/A       100%        3
 Freezing Cloud           Conj/Ice/Air   0%         6-21      100%        5
 Summon Hydra             Summ           0%         N/A       100%        7


Dungeon Overview and Level Annotations

Branches:
Dungeon (7/15)             Temple (1/1) D:4

Altars:
Cheibriados
Fedhas
Gozag
Hepliaklqana
Kikubaaqudgha
Qazlal
Uskayaw
Vehumet
Wu Jian
Yredelemnul
Zin
The Shining One

Shops:
D:3 (

Annotations:
D:3 1 runed translucent door, Crazy Yiuf


Innate Abilities, Weirdness & Mutations

You have a pair of horns on your head.
You reflexively headbutt those who attack you in melee.


Message History

You barely miss the adder. The hornet stings you.
You are poisoned.
You feel as though you will be slow longer.
You block the adder's attack.
An iguana comes into view.
You block the hornet's attack. The adder bites you but does no damage.
You feel very sick.
The iguana hisses angrily.
You block the adder's attack. x2
You feel sick. The adder attacks as it pursues you!
You block the adder's attack. The hornet attacks as it pursues you!
You block the hornet's attack. The adder closely misses you.
The hornet stings you!
You are more poisoned.
You feel as though you will be slow longer.
You feel very sick. You block the adder's attack. The hornet misses you.
You furiously retaliate!
You headbutt the hornet, but do no damage.
You block the adder's attack.
Okay, then.
As you read the scroll of teleportation, it crumbles to dust.
You feel strangely unstable.
You feel very sick. The hornet stings you.
You feel as though you will be slow longer.
You block the adder's attack.
The hornet stings you but does no damage.
The adder misses you. The hornet stings you!
You are more poisoned.
You feel as though you will be slow longer.
You feel very sick. The adder attacks as it pursues you! The adder bites you.
* * * LOW HITPOINT WARNING * * *
You block the iguana's attack. The iguana misses you.
Your surroundings suddenly seem different.
A shadow imp comes into view.
You feel very sick. The shadow imp gestures at you.
Pain shoots through your body!
You die...

.................. .##..#....#
.......#.....................†..#
......##....................##..#
..................... ...... #...
....................#...... ##†.
.........................# #...
........>...#.........#...#....#.
...†.#......##......5####.#.#.##.
................@.....##....####.
........#......####...#......##..
.......o#.....## ###........#...
........#..#..# #.#..............
........#....oo#.................
#..#....#...##...................
#####..##...# ...................
.#.....##.### ..................
............# .................


You could see a shadow imp.

Vanquished Creatures
  Grinder (D:3)
  Sigmund (D:3)
  A water moccasin (D:4)
  An ogre (D:5)
  A centaur (D:7)
  A kobold brigand (D:6)
  A scorpion (D:4)
  A jelly (D:5)
  A bombardier beetle (D:5)
  A gnoll bouda (D:6)
  An orc wizard (D:5)
  Robin (D:3)
  11 gnolls
  6 adders
  2 ufetubi (D:6)
  A dart slug (D:2)
  8 orcs
  3 ball pythons
  3 bats (D:3)
  8 endoplasms
  4 giant cockroaches
  12 goblins
  7 hobgoblins
  3 jackals (D:2)
  3 quokkas
  A frilled lizard (D:3)
  9 kobolds
  6 rats
99 creatures vanquished.

Notes
Turn   | Place    | Note
-------+----------+-------------------------------------------
     0 | D:1      | Oil the Minotaur Fighter began the quest for the Orb.
     0 | D:1      | Reached XP level 1. HP: 19/19 MP: 0/0
   353 | D:1      | Found a faded altar of an unknown god.
   404 | D:1      | Reached XP level 2. HP: 27/27 MP: 1/1
   756 | D:2      | Reached skill level 3 in Axes
   756 | D:2      | Reached XP level 3. HP: 31/33 MP: 2/2
  1419 | D:3      | Reached skill level 4 in Axes
  1422 | D:3      | Reached XP level 4. HP: 37/40 MP: 3/3
  1481 | D:3      | Noticed Grinder
  1487 | D:3      | Paralysed by Grinder for 3 turns
  1495 | D:3      | Killed Grinder
  1496 | D:3      | Reached skill level 5 in Axes
  1496 | D:3      | Reached XP level 5. HP: 37/47 MP: 4/4
  1496 | D:3      | Reached XP level 6. HP: 43/55 MP: 5/5
  1592 | D:3      | Reached skill level 5 in Fighting
  1633 | D:3      | Noticed Robin
  1636 | D:3      | Reached skill level 6 in Axes
  1662 | D:3      | Killed Robin
  1836 | D:3      | Identified the +10 sling "Exoxi" {flame, ^Contam Str+3
                  | Dex+3}
  1925 | D:3      | Found a runed translucent door.
  1928 | D:3      | Noticed Crazy Yiuf
  2036 | D:3      | Noticed Sigmund
  2074 | D:3      | Killed Sigmund
  2075 | D:3      | Reached skill level 5 in Armour
  2319 | D:3      | Found Tadef's Weapon Shoppe.
  2580 | D:4      | Reached XP level 7. HP: 61/61 MP: 6/6
  2904 | D:4      | Found a staircase to the Ecumenical Temple.
  2915 | Temple   | Entered the Ecumenical Temple
  3044 | D:4      | You fall into a shaft and drop 3 floors!
  3095 | D:6      | Reached skill level 7 in Axes
  3221 | D:5      | Entered Level 5 of the Dungeon
  3231 | D:6      | Reached skill level 5 in Shields
  3792 | D:4      | Found a basalt altar of Yredelemnul.
  4059 | D:5      | Reached skill level 8 in Axes
  4059 | D:5      | Reached XP level 8. HP: 70/70 MP: 7/7
  4116 | D:5      | Found a glowing silver altar of Zin.
  4126 | D:5      | Noticed a hornet
  4138 | D:5      | Killed from afar by a shadow imp

Illustrated notes

Levels and vault maps discovered:
D:1:      lightli_arrival_noodles, layout_basic,
          ebering_ecumenical_altar_abandoned
D:2:      layout_basic, grunt_ministairs_4, mrwooster_statue_mirror
D:3:      layout_basic, serial_shops, nicolae_shop_crystal, uniq_robin,
          uniq_crazy_yiuf_cottage, uniq_sigmund, uniq_grinder
D:4:      layout_basic, general_overflow_altar, minmay_temple_entry_nine_rooms
D:5:      layout_cave_pools, nicolae_ru_sacrificial_ziggurat, zin_academy
D:6:      layout_rooms, nicolae_ashenzari_panopticon, nicolae_overflow_squiral
D:7:      layout_loops_ring, overflow_temple_1_default, elyvilon_altar_5,
          minmay_fire_ice_demons
Temple:   eino_temple_lava

Skill      XL: |  1  2  3  4  5  6  7 |
---------------+----------------------+-----
Fighting       | 4 5 6 |  6.2
Axes           | 3 4 5 6 8 |  8.1
Armour         | 4 5 6 |  6.1
Shields        | 4 5 |  5.6
Throwing       | |  0.1
Dodging        | |  0.5
Stealth        | |  0.1

Action                     |  1- 3 |  4- 6 |  7- 9 || total
---------------------------+-------+-------+-------++-------
  Melee: War axe           |    78 |    86 |    80 ||   244
         Headbutt          |     3 |     8 |    13 ||    24
  Throw: Throwing net      |     1 |     1 |       ||     2
         Dart              |       |       |     4 ||     4
    Use: Scroll            |       |       |     3 ||     3
 Armour: Plate armour      |    88 |    70 |    46 ||   204
         Scale mail        |     1 |       |       ||     1
  Dodge: Dodged            |    26 |    29 |    44 ||    99
  Block: Buckler           |    24 |    29 |    56 ||   109
         Reflection        |       |       |     4 ||     4

Table legend: (Time is in decaauts)
 A = Elapsed time spent in this place.
 B = Non-inter-level travel time spent in this place.
 C = Inter-level travel time spent in this place.
 D = Time resting spent in this place.
 E = Time spent auto-exploring this place.
 F = Levels seen in this place.
 G = Mean time per level.
                   A        B        C        D        E       F      G
               +--------+--------+--------+--------+--------+-----+--------+
         Total |   4203 |   4046 |    157 |    570 |   1828 |   8 |  525.4 |
       Dungeon |   4173 |   4016 |    157 |    570 |   1828 |   7 |  596.1 |
        Temple |     29 |     29 |      0 |      0 |      0 |   1 |   29.0 |
               +--------+--------+--------+--------+--------+-----+--------+

Top non-repeatable levels by time:
     D:3: 1144 daAuts
     D:4: 1013 daAuts
     D:2: 833 daAuts
     D:1: 628 daAuts
     D:6: 270 daAuts
     D:5: 262 daAuts
  Temple: 29 daAuts
     D:7: 19 daAuts
